 Dungeon Crawl Stone Soup version 0.24.0-123-gd5b16e6ec5 (webtiles) character file.

Game seed: 10221249235137229604, levelgen mode: deterministic

202407 Curus the Minotaur Blade (level 18, -10/180 HPs)
             Began as a Minotaur Berserker on Jan 31, 2020.
             Was the Champion of Trog.
             Mangled by a deep troll (16 damage)
             ... on level 1 of the Depths.
             The game lasted 03:23:45 (30145 turns).

Curus the Minotaur Blade (Minotaur Berserker)      Turns: 30145, Time: 03:23:46

Health: -10/180    AC: 25    Str: 20    XL:     18   Next: 33%
Magic:  0/24       EV:  9    Int:  7    God:    Trog [******]
Gold:   1284       SH:  0    Dex: 16    Spells: 17/17 levels left

rFire    . . .     SeeInvis +   x - +10 triple sword of Dishonesty {flame, rElec}
rCold    + . .     Gourm    .   (shield currently unavailable)
rNeg     . . .     Faith    .   v - +3 plate armour {rC+}
rPois    .         Spirit   +   t - +1 hat
rElec    +         Reflect  .   T - scarf {Spirit}
rCorr    +         Harm     .   q - +0 pair of gloves {Dex+3}
MR       +....     Clarity  +   p - -2 pair of boots of the Iron City of Dis {Regen+ rCorr Str-4}
Stlth    ..........             l - amulet "Bem Nemn" {Regen+ Stlth+}
HPRegen  1.20/turn              o - ring of see invisible
MPRegen  0.19/turn              J - +3 ring of slaying

@: berserk cooldown
A: retaliatory headbutt, horns 2, clarity, high mp 1
a: Berserk, Trog's Hand, Brothers in Arms, Renounce Religion


You were on level 1 of the Depths.
You worshipped Trog.
Trog was exalted by your worship.
You were not hungry.

You visited 6 branches of the dungeon, and saw 30 of its levels.
You also visited: Ice Cave and Volcano.

You collected 3523 gold pieces.
You spent 2239 gold pieces at shops.

Inventory:

Hand Weapons
 x - the +10 triple sword of Dishonesty (weapon) {flame, rElec}
   (You found it on level 15 of the Dungeon)

   It has been specially enchanted to burn those struck by it, causing extra
   injury to most foes and up to half again as much damage against particularly
   susceptible opponents.
   Big, fiery blades are also staple armaments of hydra-hunters.
   It insulates you from electricity.
Armour
 p - the -2 pair of boots of the Iron City of Dis (worn) {Regen+ rCorr Str-4}
   (You found it in an ice cave)

   It affects your strength (-4).
   It increases your rate of regeneration.
   It provides partial protection from all sources of acid and corrosion.
 q - a +0 pair of gloves of dexterity (worn)
 t - a +1 hat (worn)
 v - a +3 plate armour of cold resistance (worn)
 L - a +3 chain mail of fire resistance
 T - a scarf of spirit shield (worn)
Jewellery
 e - an uncursed ring of protection from cold
 l - the amulet "Bem Nemn" (around neck) {Regen+ Stlth+}
   (You found it on level 11 of the Dungeon)

   [amulet of regeneration]

   It increases your rate of regeneration.
   It makes you more stealthy.
 m - a +3 ring of evasion
 o - a ring of see invisible (left hand)
 r - an uncursed ring of poison resistance
 u - an uncursed amulet of guardian spirit
 w - an uncursed ring of flight
 C - an uncursed ring of resist corrosion
 E - an uncursed ring of positive energy
 I - a +3 ring of strength
 J - a +3 ring of slaying (right hand)
 O - an uncursed amulet of the gourmand
 V - an uncursed ring of protection from cold
 X - a +3 amulet of reflection
Wands
 d - a wand of scattershot (6)
 n - a wand of enslavement (10)
 s - a wand of acid (8)
 y - a wand of flame (66)
 A - a wand of paralysis (16)
 D - a wand of polymorph (21)
 M - a wand of disintegration (18)
 Q - a wand of iceblast (12)
 W - a wand of digging (4)
Scrolls
 b - 4 scrolls of brand weapon
 g - 12 scrolls of teleportation
 h - 7 scrolls of remove curse
 k - 22 scrolls of identify
 z - a scroll of fog
 F - 3 scrolls of magic mapping
 G - a scroll of silence
 H - 2 scrolls of fear
 U - a scroll of enchant weapon
 Z - a scroll of blinking
Potions
 a - 2 potions of cancellation
 f - 4 potions of heal wounds
 i - 10 potions of curing
 j - 7 potions of agility
 B - 3 potions of haste
 K - a potion of invisibility
 N - 3 potions of might
 S - 3 potions of resistance
 Y - 4 potions of flight
Comestibles
 c - 26 rations
 P - 4 chunks of flesh


   Skills:
 - Level 20.5 Fighting
 + Level 22.0 Long Blades
 - Level 20.4 Armour
 - Level 2.1 Dodging
   Level 4.0 Shields
 - Level 7.1 Evocations


You had 17 spell levels left.
You didn't know any spells.
Your spell library was empty.

Dungeon Overview and Level Annotations

Branches:
Dungeon (15/15)            Temple (0/1) D:7            Lair (6/6) D:8
 Shoals (3/4) Lair:4        Snake (3/4) Lair:4        Slime (0/5) Lair:5
    Orc (2/2) D:10            Elf (0/3) Orc:2        Vaults (0/5) D:14
 Depths (1/5) D:15          IceCv (visited)         Volcano (visited)

Altars:
Cheibriados
Gozag
Makhleb
Trog
Xom
Yredelemnul
Beogh
Lugonu

Shops:
D:5 **!=   Orc:2 %*%?   Shoals:1 %

Portals:
Hell: Lair:6
Trove: D:12 (give 8 potions of haste)


Innate Abilities, Weirdness & Mutations

You reflexively headbutt those who attack you in melee.
You have a pair of horns on your head.
You possess an exceptional clarity of mind.
You have an increased reservoir of magic. (+10% MP)


Message History

The deep troll bites you. The deep troll barely misses you.
The deep troll closely misses you.
You slash the deep troll! You burn the deep troll.
The deep troll is heavily wounded.
The deep troll bites you!
* * * LOW HITPOINT WARNING * * *
The deep troll closely misses you. The deep troll claws you.
* * * LOW HITPOINT WARNING * * *
The deep troll bites you.
* * * LOW HITPOINT WARNING * * *
The deep troll claws you but does no damage. x2
Your iron troll goes berserk!
You feel somewhat more hungry. The deep troll bites you!!
* * * LOW HITPOINT WARNING * * *
The deep troll claws you but does no damage.
The deep troll barely misses you. The deep troll bites you!!
* * * LOW HITPOINT WARNING * * *
The deep troll claws you but does no damage.
The deep troll claws you!
You die...

..........#######................
..........# #...≈≈..........≈
..........# #....≈..........≈
..........#######................
..........................≈......
.........................≈#≈.....
#.......†)####.(....#####
#....(...T# #....J.# #.#####.@.#
######J# #.TT# #C# #...### #J#
........#####.#####
.........J..........
...........[C(.######
#####...#####...# #...# #...#
#...#


You could see 2 deep trolls and a friendly iron troll (berserk).

Vanquished Creatures
  Vashnia (Snake:2)
  Jorgrun (Shoals:2)
  Frances (Shoals:1)
  Kirke (D:12)
  A nagaraja (Snake:2)
  Roxanne (D:14)
  Louise (Shoals:1)
  A very ugly thing (Depths:1)
  2 stone giants (Depths:1)
  A war gargoyle (D:11)
  Azrael (D:12)
  The ghost of Baiviem the Impaler, a journeyman MfGl of Makhleb (Lair:3)
  2 blizzard demons (IceCv)
  3 ettins
  A merfolk impaler (Shoals:3)
  Snorg (Lair:6)
  A merfolk javelineer (Shoals:2)
  The ghost of Fuavont the Geomancer, a journeyman GrEE of Sif Muna (Lair:3)
  Josephine (Lair:6)
  3 great orbs of eyes (Depths:1)
  A yaktaur captain (D:15)
  A fire dragon (Depths:1)
  5 vault guards
  An ice dragon (Snake:3)
  Harold (D:8)
  A catoblepas (D:14)
  6 hydras
  Erolcha (Orc:2)
  8 naga warriors
  8 centaur warriors
  27 two-headed ogres
  An alligator snapping turtle (Shoals:3)
  5 anacondas
  A deep troll shaman (Depths:1)
  4 satyrs
  3 tengu warriors
  5 ogre magi
  11 naga sharpshooters
  3 death yaks (Lair:5)
  A deep troll earth mage (D:11)
  Sonja (Lair:6)
  6 shock serpents
  2 skeletal warriors (Volcano)
  A fire crab (Lair:4)
  The ghost of flt the Magician, a novice GnSk of Yredelemnul (D:7)
  An iron troll (Depths:1)
  A deep troll (Depths:1)
  3 unseen horrors
  A sixfirhy (Lair:6)
  A salamander mystic (Snake:3)
  A sea snake (Shoals:1)
  A naga ritualist (Snake:1)
  A deep elf archer (D:15)
  Pikel (D:9)
  3 orc knights
  3 mana vipers
  A wizard (Lair:6)
  A phantasmal warrior (D:11)
  6 harpies
  2 orc sorcerers
  23 ugly things
  5 deep elf magi (D:15)
  An oklob plant (Snake:3)
  4 salamanders
  12 manticores
  6 cyclopes
  11 fauns
  An ice statue (IceCv)
  7 centaur zombies
  22 black mambas
  A water nymph (shapeshifter) (D:13)
  2 guardian serpents
  A merfolk siren (Shoals:3)
  An elephant (Lair:6)
  A smoke demon (Lair:6)
  4 water nymphs
  7 gargoyles
  8 naga magi
  A spiny frog (shapeshifter) (Depths:1)
  16 spiny frogs
  7 rime drakes (Lair:6)
  9 komodo dragons
  2 efreet (D:14)
  A kobold demonologist (D:14)
  A yaktaur (D:15)
  2 tengu conjurers
  5 freezing wraiths
  5 anaconda simulacra (IceCv)
  3 red devils (Lair:6)
  10 merfolk
  7 ice devils
  A hornet (D:9)
  10 trolls
  3 harpy skeletons (Volcano)
  5 wind drakes
  A polar bear (Lair:6)
  2 snapping turtles
  22 slime creatures
  10 dream sheep
  9 blink frogs
  A blink frog (shapeshifter) (Depths:1)
  25 hippogriffs
  A hippogriff (shapeshifter) (D:13)
  3 centaur simulacra
  2 alligator skeletons (Volcano)
  2 flying skulls (Volcano)
  A vampire (D:15)
  5 shadows
  39 yaks
  A spriggan (D:7)
  A dire elephant simulacrum (IceCv)
  4 water elementals
  7 wraiths
  Eustachio (D:4)
  10 basilisks
  5 wyverns
  2 hungry ghosts
  A golden eye (shapeshifter) (D:14)
  4 fire elementals (D:12)
  3 vampire mosquitoes (D:15)
  Grum (D:9)
  Menkaure (D:4)
  A death yak simulacrum (IceCv)
  A warg (Orc:1)
  4 acid dragons
  3 harpy simulacra (IceCv)
  27 nagas
  13 water moccasins
  An iron troll simulacrum (IceCv)
  5 hydra simulacra (IceCv)
  6 porcupines
  7 hell hounds
  5 sky beasts
  2 ice beasts
  3 eyes of draining
  A hornet zombie (D:10)
  2 black bears
  28 orc warriors
  3 phantoms
  A slave (D:9)
  30 ogres
  18 wolves
  A necrophage (D:7)
  21 centaurs
  5 boggarts (Depths:1)
  13 crocodiles
  14 bullfrogs
  2 big kobolds
  A gnoll sergeant (D:9)
  2 wyvern skeletons
  2 wyvern zombies (D:14)
  4 small abominations (D:9)
  9 scorpions
  7 wights
  13 killer bees
  2 spriggan skeletons (Volcano)
  An electric eel (Lair:5)
  2 elephant simulacra (IceCv)
  A howler monkey (D:9)
  2 troll skeletons (Volcano)
  5 crimson imps
  2 quasits
  5 draconian simulacra (IceCv)
  2 bullfrog zombies
  5 centaur skeletons
  7 hounds
  9 jellies
  15 orc wizards
  A gnoll shaman (D:6)
  14 orc priests
  7 iguanas
  3 bullfrog skeletons
  8 worker ants
  A spriggan simulacrum (IceCv)
  Natasha (D:4)
  A polar bear simulacrum (IceCv)
  5 troll simulacra (IceCv)
  2 naga skeletons (Volcano)
  3 hound skeletons
  A hound zombie (D:6)
  6 adders
  15 gnolls
  2 naga simulacra (IceCv)
  An ogre simulacrum (IceCv)
  12 shadow imps
  5 white imps (IceCv)
  An ooze (D:2)
  4 ufetubi (IceCv)
  An adder zombie (D:5)
  2 adder skeletons (D:4)
  2 worms
  4 dart slugs
  6 leopard geckos
  112 orcs
  4 giant cockroaches
  6 goblins
  8 hobgoblins
  21 jackals
  20 kobolds
  2 quokkas
  2 ball pythons
  5 bats
  6 frilled lizards
  A leopard gecko zombie (D:3)
  7 rats
  A butterfly (Lair:5)
  A fungus (Lair:6)
1144 creatures vanquished.

Vanquished Creatures (collateral kills)
  2 hydras
2 creatures vanquished.

Vanquished Creatures (others)
  A fire giant (Depths:1)
  A flying skull (Volcano)
  2 humans (D:12)
  A jelly (D:12)
  5 ufetubi (IceCv)
  4 fungi
  A plant (Lair:6)
  6 withered plants (Lair:3)
21 creatures vanquished.

Grand Total: 1167 creatures vanquished

Notes
Turn   | Place    | Note
-------+----------+-------------------------------------------
     0 | D:1      | Curus the Minotaur Berserker began the quest for the Orb.
     0 | D:1      | Reached XP level 1. HP: 19/19 MP: 0/0
    20 | D:1      | Reached skill level 4 in Long Blades
   112 | D:1      | Reached XP level 2. HP: 23/26 MP: 1/1
   266 | D:1      | Reached ** piety under Trog
   334 | D:1      | Reached skill level 5 in Long Blades
   343 | D:1      | Reached XP level 3. HP: 30/31 MP: 2/2
   964 | D:2      | Found a faded altar of an unknown god.
  1396 | D:3      | Reached skill level 6 in Long Blades
  1396 | D:3      | Reached XP level 4. HP: 38/39 MP: 3/3
  1881 | D:4      | Reached skill level 7 in Long Blades
  1881 | D:4      | Reached XP level 5. HP: 30/45 MP: 4/4
  1915 | D:4      | Reached *** piety under Trog
  2209 | D:4      | Noticed an ogre
  2214 | D:4      | Killed an ogre
  2214 | D:4      | Reached skill level 8 in Long Blades
  2225 | D:4      | Noticed a sky beast
  2238 | D:4      | Killed a sky beast
  2238 | D:4      | Reached XP level 6. HP: 30/51 MP: 5/5
  2250 | D:4      | Reached skill level 9 in Long Blades
  2255 | D:4      | Reached XP level 7. HP: 34/57 MP: 6/6
  2424 | D:4      | Found a basalt altar of Yredelemnul.
  2507 | D:4      | Noticed Natasha
  2512 | D:4      | Killed Natasha
  2517 | D:4      | Reached skill level 10 in Long Blades
  2531 | D:4      | Noticed Menkaure
  2533 | D:4      | Noticed Eustachio
  2543 | D:4      | Killed Menkaure
  2558 | D:4      | Killed Eustachio
  2595 | D:4      | Reached skill level 11 in Long Blades
  2854 | D:5      | Entered Level 5 of the Dungeon
  2973 | D:5      | Reached XP level 8. HP: 51/64 MP: 7/7
  3023 | D:5      | Reached **** piety under Trog
  3165 | D:5      | Found Wumeizit's Assorted Antiques.
  3167 | D:5      | Found Acwu's Distillery.
  3168 | D:5      | Found Vew Ruk's Jewellery Shop.
  3171 | D:5      | Found Kubbyta's Assorted Antiques.
  3189 | D:5      | Bought a cursed ring of teleportation for 54 gold pieces
  3197 | D:5      | Bought a scroll labeled ASKUJALU JOWOT for 23 gold pieces
  3197 | D:5      | Bought a fuming ruby potion for 20 gold pieces
  3197 | D:5      | Bought a fizzy dark potion for 20 gold pieces
  3245 | D:5      | Gained mutation: You have large cloven feet. [potion of
                  | mutation]
  3245 | D:5      | Gained mutation: You are dopey. (Int -2) [potion of
                  | mutation]
  3245 | D:5      | Gained mutation: You are somewhat resistant to further
                  | mutation. [potion of mutation]
  3250 | D:5      | Bought a scroll labeled JAFAYKA GUEME for 26 gold pieces
  3250 | D:5      | Bought a scroll labeled QIBEARRAFAOZ for 26 gold pieces
  3645 | D:6      | You fall into a shaft and drop 1 floor!
  3685 | D:7      | Reached skill level 12 in Long Blades
  3716 | D:6      | Noticed a troll
  3724 | D:6      | Noticed a hippogriff
  3732 | D:6      | Killed a troll
  3740 | D:6      | Killed a hippogriff
  3740 | D:6      | Reached skill level 13 in Long Blades
  4120 | D:6      | Found a shimmering altar of Xom.
  4849 | D:7      | Reached XP level 9. HP: 56/70 MP: 8/8
  4906 | D:7      | Reached skill level 14 in Long Blades
  5243 | D:7      | Found a snail-covered altar of Cheibriados.
  5381 | D:7      | Found a runed translucent door.
  5387 | D:7      | Noticed flt's ghost (novice GnSk)
  5419 | D:7      | Found a staircase to the Ecumenical Temple.
  5461 | D:7      | Reached skill level 5 in Fighting
  5735 | D:7      | Killed flt's ghost
  5735 | D:7      | Reached skill level 5 in Armour
  5949 | D:8      | Found a staircase to the Lair.
  5950 | D:8      | Got a smoking scimitar
  5951 | D:8      | Identified the +7 scimitar of Prudence {drain, rF+ Stlth+}
                  | (You found it on level 8 of the Dungeon)
  5960 | Lair:1   | Entered Level 1 of the Lair of Beasts
  6022 | Lair:1   | Noticed a spiny frog
  6027 | Lair:1   | Killed a spiny frog
  6060 | Lair:1   | Reached ***** piety under Trog
  6065 | Lair:1   | Reached XP level 10. HP: 53/88 MP: 9/9
  6573 | Lair:2   | Noticed a spiny frog
  6581 | Lair:2   | Killed a spiny frog
  6870 | Lair:2   | Reached skill level 10 in Fighting
  6891 | Lair:2   | Reached skill level 10 in Armour
  6932 | Lair:2   | Noticed a spiny frog
  6939 | Lair:2   | Killed a spiny frog
  7417 | Lair:3   | Noticed a spiny frog
  7425 | Lair:3   | Killed a spiny frog
  7436 | Lair:3   | Noticed a seven-headed hydra
  7443 | Lair:3   | Killed a nine-headed hydra
  7443 | Lair:3   | Reached XP level 11. HP: 40/101 MP: 3/10
  7579 | Lair:3   | Found a runed translucent gate.
  7579 | Lair:3   | Found a runed translucent gate.
  7579 | Lair:3   | Found a runed translucent gate.
  7579 | Lair:3   | Noticed Fuavont's ghost (journeyman GrEE)
  7580 | Lair:3   | Noticed Baiviem's ghost (journeyman MfGl)
  8272 | Lair:3   | Lost mutation: You are somewhat resistant to further
                  | mutation. [potion of mutation]
  8272 | Lair:3   | Lost mutation: You are dopey. (Int -2) [potion of mutation]
  8272 | Lair:3   | Lost mutation: You have large cloven feet. [potion of
                  | mutation]
  8272 | Lair:3   | Gained mutation: You possess an exceptional clarity of
                  | mind. [potion of mutation]
  8272 | Lair:3   | Gained mutation: You have an increased reservoir of magic.
                  | (+10% MP) [potion of mutation]
  8274 | Lair:4   | Found a staircase to the Shoals.
  8301 | Lair:4   | Found a staircase to the Snake Pit.
  8323 | Lair:4   | Noticed a fire crab
  8333 | Lair:4   | Killed a fire crab
  8666 | Lair:4   | Noticed a four-headed hydra
  8677 | Lair:4   | Killed an eight-headed hydra
  8812 | Lair:4   | Noticed a seven-headed hydra
  8819 | Lair:4   | Killed an 11-headed hydra
  9406 | Lair:5   | Reached XP level 12. HP: 115/115 MP: 12/12
  9478 | Lair:5   | Received a gift from Trog
  9801 | Lair:5   | Noticed a death yak
  9803 | Lair:5   | Noticed a death yak
  9804 | Lair:5   | Noticed a death yak
  9811 | Lair:5   | Killed a death yak
  9832 | Lair:5   | Killed a death yak
  9834 | Lair:5   | Killed a death yak
  9987 | Lair:5   | Found a dark tunnel.
  9994 | Volcano  | Entered a volcano
 10267 | Volcano  | Reached skill level 15 in Fighting
 10695 | Lair:5   | Reached skill level 15 in Armour
 10849 | Lair:5   | Found a staircase to the Slime Pits.
 11044 | Lair:6   | Entered Level 6 of the Lair of Beasts
 11098 | Lair:6   | Reached XP level 13. HP: 115/127 MP: 11/13
 11152 | Lair:6   | Noticed Snorg
 11161 | Lair:6   | Killed Snorg
 11331 | Lair:6   | Noticed Sonja
 11337 | Lair:6   | Noticed Josephine
 11340 | Lair:6   | Killed Sonja
 11344 | Lair:6   | Killed Josephine
 12020 | Lair:6   | Found a burning altar of Makhleb.
 12276 | Lair:6   | Received a gift from Trog
 13307 | Lair:6   | Reached XP level 14. HP: 98/140 MP: 11/14
 13316 | Lair:6   | Found a gateway to Hell.
 13461 | Lair:3   | Killed Baiviem's ghost
 13475 | Lair:3   | Killed Fuavont's ghost
 13690 | D:8      | Noticed Harold
 13701 | D:8      | Killed Harold
 14265 | D:9      | Noticed Grum
 14271 | D:9      | Killed Grum
 14310 | D:9      | Noticed Pikel
 14322 | D:9      | Killed Pikel
 14377 | D:9      | Found a corrupted altar of Lugonu.
 14724 | D:9      | Found a transporter.
 14727 | D:9      | Found a transporter.
 14887 | D:9      | Got a slimy bronze ring
 14892 | D:9      | Identified the ring "Icepputh" {Wiz *Drain rF++ Int+8
                  | Slay-3} (You found it on level 9 of the Dungeon)
 14939 | D:10     | Entered Level 10 of the Dungeon
 14969 | D:10     | Received a gift from Trog
 15341 | D:10     | Found a roughly hewn altar of Beogh.
 15391 | D:10     | Reached ****** piety under Trog
 15429 | D:10     | Found a staircase to the Orcish Mines.
 15444 | Orc:1    | Entered Level 1 of the Orcish Mines
 15530 | Orc:1    | Reached skill level 1 in Shields
 15530 | Orc:1    | Reached skill level 1 in Evocations
 15688 | Orc:2    | Entered Level 2 of the Orcish Mines
 15699 | Orc:2    | Found a staircase to the Elven Halls.
 15969 | Orc:1    | Received a gift from Trog
 16324 | Orc:2    | Reached skill level 5 in Evocations
 16346 | Orc:2    | Found Garph's Food Emporium.
 16346 | Orc:2    | Found Loidderch's Food Boutique.
 16346 | Orc:2    | Found Atzunon's Magic Scroll Shop.
 16346 | Orc:2    | Found Edeghaih's General Store.
 16350 | Orc:2    | Paralysed by an ogre mage for 7 turns
 16627 | Orc:2    | Bought a scroll of brand weapon for 340 gold pieces
 16627 | Orc:2    | Bought a scroll of enchant armour for 127 gold pieces
 16627 | Orc:2    | Bought a scroll of fog for 34 gold pieces
 16627 | Orc:2    | Bought a scroll of teleportation for 51 gold pieces
 16628 | Orc:2    | Bought a potion of might for 56 gold pieces
 16628 | Orc:2    | Bought a scroll of brand weapon for 280 gold pieces
 16690 | Orc:2    | Noticed Erolcha
 16697 | Orc:2    | Killed Erolcha
 16792 | Orc:1    | Paralysed by an orc sorcerer for 3 turns
 17140 | Orc:2    | Received a gift from Trog
 17883 | D:11     | Reached XP level 15. HP: 107/149 MP: 21/21
 18478 | D:11     | Got a crude steel amulet
 19022 | D:11     | Identified the amulet "Bem Nemn" {Regen+ Stlth+} (You found
                  | it on level 11 of the Dungeon)
 19630 | D:12     | Noticed Kirke
 19635 | D:12     | Received a gift from Trog
 19647 | D:12     | Killed Kirke
 19973 | D:12     | Noticed Azrael
 19989 | D:12     | Killed Azrael
 20131 | D:12     | Found a portal to a secret trove of treasure.
 20294 | D:13     | HP: 10/228 [orc warrior/+0 halberd (16)]
 20447 | D:13     | You fall into a shaft and drop 2 floors!
 20447 | D:15     | Entered Level 15 of the Dungeon
 20575 | D:15     | Received a gift from Trog
 20734 | D:15     | Got a jewelled triple sword
 20735 | D:15     | Identified the +10 triple sword of Dishonesty {flame,
                  | rElec} (You found it on level 15 of the Dungeon)
 21193 | D:14     | Noticed Roxanne
 21249 | D:14     | Found a gate to the Vaults.
 21270 | D:14     | Reached XP level 16. HP: 147/162 MP: 19/22
 21308 | D:14     | Received a gift from Trog
 21824 | D:15     | Found a staircase to the Depths.
 22683 | D:13     | Found the +0 staff of Battle
 23079 | Shoals:1 | Entered Level 1 of the Shoals
 23137 | Shoals:1 | Found Evvu's Food Shop.
 23291 | Shoals:1 | Noticed Frances
 23301 | Shoals:1 | Killed Frances
 23538 | Shoals:1 | Reached skill level 15 in Long Blades
 23561 | Shoals:1 | Noticed Louise
 23568 | Shoals:1 | Killed Louise
 23568 | Shoals:1 | Received a gift from Trog
 23907 | Shoals:2 | Noticed Jorgrun
 23915 | Shoals:2 | Killed Jorgrun
 24186 | Shoals:2 | Received a gift from Trog
 24334 | Shoals:3 | Reached skill level 16 in Long Blades
 25147 | D:5      | Bought an uncursed ring of poison resistance for 240 gold
                  | pieces
 25153 | D:5      | Bought a potion of haste for 110 gold pieces
 25153 | D:5      | Bought a potion of haste for 110 gold pieces
 25153 | D:5      | Bought a potion of haste for 110 gold pieces
 25153 | D:5      | Bought a potion of curing for 33 gold pieces
 25153 | D:5      | Bought a potion of curing for 33 gold pieces
 25161 | D:5      | Bought a jade ring for 130 gold pieces
 25161 | D:5      | Bought a granite ring for 130 gold pieces
 25161 | D:5      | Bought a potion of curing for 78 gold pieces
 25161 | D:5      | Bought a scroll of teleportation for 78 gold pieces
 25161 | D:5      | Bought a granite ring for 130 gold pieces
 25337 | Snake:1  | Entered Level 1 of the Snake Pit
 25388 | Snake:1  | Reached skill level 17 in Long Blades
 25535 | Snake:1  | Reached XP level 17. HP: 75/171 MP: 12/23
 25711 | Snake:1  | Received a gift from Trog
 26367 | Snake:2  | Reached skill level 18 in Long Blades
 26638 | Snake:2  | Noticed Vashnia
 26667 | Snake:2  | Killed Vashnia
 26835 | Snake:3  | Found a snail-covered altar of Cheibriados.
 26865 | Snake:3  | Found a frozen archway.
 26894 | IceCv    | Entered an ice cave
 27118 | IceCv    | Received a gift from Trog
 27118 | IceCv    | Reached skill level 19 in Long Blades
 27608 | IceCv    | Got a pair of faintly glowing boots
 27627 | IceCv    | Identified the cursed -2 pair of boots of the Iron City of
                  | Dis {Regen+ rCorr Str-4} (You found it in an ice cave)
 27932 | Snake:3  | Found a shimmering altar of Xom.
 27980 | Snake:3  | Found an opulent altar of Gozag.
 27995 | Snake:3  | Received a gift from Trog
 28096 | Snake:3  | Reached skill level 20 in Long Blades
 28191 | Snake:3  | Found a shimmering altar of Xom.
 28606 | Snake:3  | Found a bloodstained altar of Trog.
 29272 | D:14     | Killed Roxanne
 29456 | Depths:1 | Entered Level 1 of the Depths
 29616 | Depths:1 | Paralysed by a great orb of eyes for 4 turns
 29662 | Depths:1 | Reached XP level 18. HP: 87/180 MP: 13/24
 29675 | Depths:1 | Reached skill level 21 in Long Blades
 29851 | Depths:1 | Received a gift from Trog
 30109 | Depths:1 | Reached skill level 22 in Long Blades
 30145 | Depths:1 | HP: 6/180 [deep troll (19)]
 30145 | Depths:1 | Mangled by a deep troll

Levels and vault maps discovered:
D:1:      psy_arrival_whirlpool, layout_basic, serial_corexii_hall,
          corexii_hall_statues_deadend, corexii_hall_statues_deadend
D:2:      layout_loops_cross, first_ration, chequers_ecumenical_altar_simple,
          grunt_ministairs_4
D:3:      layout_rooms
D:4:      minmay_bubble_buster, layout_basic, marbit_many_paths, uniq_natasha,
          uniq_eustachio, uniq_menkaure
D:5:      layout_loops_cross, minmay_shop_grid_forest
D:6:      layout_basic, basic_altar, minmay_manual_maat
D:7:      layout_loops_corners, minmay_temple_entry_offerings,
          ebering_ghost_reflecting_pool, the_bakery, cheibriados_altar_1
D:8:      layout_gridville, lair_entry_dummy, uniq_harold
D:9:      gammafunk_corrupted_shrine, layout_cave_pods, uniq_pikel, uniq_grum
D:10:     layout_small_grid, hiddenorc1_lemuel, special_room [special_room_orc]
D:11:     minmay_sliced_demisemicircle, layout_basic
D:12:     layout_rooms, enter_trove_5, uniq_azrael, uniq_kirke
D:13:     layout_roguey [special_room_orc], grunt_ministairs_12, kennysheep_dice
D:14:     layout_rooms, lightli_vaults_fourway_checkpoint, grunt_ministairs_14,
          uniq_roxanne
D:15:     grunt_enter_depths_snipers, layout_long_grid, nicolae_water_bricks
Lair:1:   layout_regular_city, grunt_forest_stairs_basic, serial_bayou_pond_e
Lair:2:   layout_concentric_octagons
Lair:3:   layout_regular_city, gammafunk_ghost_cemetery,
          kennysheep_basilisk_garden
Lair:4:   layout_regular_city, minmay_shoals_entry_beasts,
          guppyfry_snake_entry_garden
Lair:5:   layout_gridlike, minmay_slime_entry_pillars, enter_volcano_2,
          ldierk_geyser, lemuel_fruit_fields
Lair:6:   evil_forest, layout_loops_ring, special_room
          [special_room_mythical_zoo], st_stairs_3, uniq_josephine, uniq_snorg,
          uniq_sonja
Shoals:1: layout_shoals, serial_shops, nicolae_shop_crystal, uniq_frances,
          uniq_louise
Shoals:2: layout_shoals, uniq_jorgrun
Shoals:3: cheibrodos_shoals_oceanic_diplomacy, layout_shoals
Snake:1:  layout_honeycomb
Snake:2:  layout_misc_corridors, uniq_vashnia
Snake:3:  layout_chambers, portal_ice_cave_entry_dragon,
          nicolae_snake_squiggles, nicolae_snake_linked_coils,
          hangedman_feature_mirror, drop_trap, hangedman_feature_mirror,
          lemuel_oklob_altar
Orc:1:    layout_diamond_mine
Orc:2:    st_orc_ogre_mass, layout_caves, uniq_erolcha
Depths:1: layout_small_grid, kennysheep_decorative_pillar,
          pf_hell_entry_tar_spiral, kennysheep_generic_room_16

Skill      XL: |  1  2  3  4  5  6  7  8  9 10 11 12 13 14 15 16 17 18 |
---------------+-------------------------------------------------------+-----
Long Blades    | 4 5 6 7 8 9 11 13 14 17 20 22 | 22.0
Fighting       | 7 10 13 15 17 18 19 20 | 20.5
Armour         | 7 10 13 15 17 18 19 20 | 20.4
Shields        | 4 |  4.0
Evocations     | 7 |  7.1
Dodging        | |  2.1

Action                   |  1- 3 |  4- 6 |  7- 9 | 10-12 | 13-15 | 16-18 || total
-------------------------+-------+-------+-------+-------+-------+-------++-------
Melee: Falchion          |   125 |   115 |   388 |       |       |       ||   628
       Headbutt          |    17 |    19 |    47 |   105 |   294 |   234 ||   716
       Scimitar          |       |       |    11 |   373 |   199 |       ||   583
       Great sword       |       |       |       |    76 |   498 |       ||   574
       Triple sword      |       |       |       |       |   496 |   862 ||  1358
Invok: Berserk           |       |     3 |     3 |     2 |    10 |     5 ||    23
       Brothers in Arms  |       |       |       |     3 |       |     3 ||     6
       Trog's Hand       |       |       |       |     1 |     4 |     5 ||    10
 Abil: Evoke Flight      |       |       |       |       |       |     8 ||     8
Evoke: Wand              |       |       |       |     5 |     8 |     6 ||    19
  Use: Potion            |     4 |       |     4 |     6 |     4 |     3 ||    21
       Scroll            |     4 |     3 |     7 |     6 |    13 |     9 ||    42
 Stab: Paralysed         |       |       |       |       |     2 |       ||     2
       Petrified         |       |       |       |       |       |     1 ||     1
  Eat: Chunk             |     2 |     3 |     4 |    12 |    30 |    30 ||    81
       Ration            |       |       |     4 |     2 |     5 |     3 ||    14
Armor: Animal skin       |     3 |       |       |       |       |       ||     3
       Ring mail         |    10 |       |       |       |       |       ||    10
       Plate armour      |    69 |    77 |   147 |   248 |   876 |   718 ||  2135
Dodge: Dodged            |    67 |    16 |   144 |   196 |   781 |   473 ||  1677
Block: Buckler           |       |       |       |       |    22 |       ||    22
       Rpst.: Falchion   |    21 |     4 |    38 |       |       |       ||    63
       Scimitar          |       |       |     2 |    31 |    37 |       ||    70
       Great sword       |       |       |       |     7 |    78 |       ||    85
       Triple sword      |       |       |       |       |    74 |    97 ||   171
